 Dungeon Crawl Stone Soup version 0.24.0-35-gdb84b6a5db (webtiles) character file.

Game seed: 14855876606235062936, levelgen mode: deterministic

119 DildoBatman the Conjurer (level 5, -1/35 HPs)
             Began as a Formicid Wizard on Nov 18, 2019.
             Slain by an orc
             ... wielding a cursed -1 flail
              (8 damage)
             ... on level 3 of the Dungeon.
             The game lasted 00:04:31 (2435 turns).

DildoBatman the Conjurer (Formicid Wizard)          Turns: 2435, Time: 00:04:31

Health: -1/35      AC:  2    Str: 11    XL:     5   Next: 23%
Magic:  0/9        EV: 12    Int: 19    God:
Gold:   139        SH:  0    Dex:  9    Spells: 3/10 levels left

rFire    . . .     SeeInvis +   d - +0 spear
rCold    . . .     Gourm    .   (no shield)
rNeg     . . .     Faith    .   o - +0 robe (curse)
rPois    .         Spirit   .   (helmet unavailable)
rElec    .         Reflect  .   (no cloak)
rCorr    .         Harm     .   (no gloves)
MR       .....                  (no boots)
Stlth    ++........             (no amulet)
HPRegen  0.11/turn              (no ring)
MPRegen  0.11/turn              (no ring)

@: no status effects
A: permanent stasis, dig shafts and tunnels, four strong arms, antennae 3
a: Dig, Shaft Self


You were on level 3 of the Dungeon.
You were not hungry.

You visited 1 branch of the dungeon, and saw 3 of its levels.

You collected 139 gold pieces.

Inventory:

Hand Weapons
 d - a +0 spear (weapon)
Missiles
 b - 14 poisoned darts
 c - 28 stones (quivered)
 f - 26 arrows
 j - 17 sling bullets
Armour
 o - a cursed +0 robe (worn)
Jewellery
 h - a +4 ring of intelligence {unknown}
Scrolls
 g - 2 scrolls of magic mapping {unknown}
 i - 2 scrolls of identify {unknown}
 k - a scroll of teleportation {unknown}
 l - a scroll of remove curse {unknown}
Potions
 e - 3 potions of lignification {unknown}
 m - a potion of resistance {unknown}
 n - a potion of curing {unknown}
 p - 2 potions of heal wounds {unknown}
Comestibles
 a - a chunk of flesh
 v - 3 rations


   Skills:
 - Level 1.7 Dodging
 - Level 2.4 Stealth
 - Level 3.2 Spellcasting
 * Level 4.2 Conjurations
   Level 1.0 Summonings
   Level 0.8 Translocations


You had 3 spell levels left.
You knew the following spells:

 Your Spells              Type           Power        Failure   Level  Hunger
a - Conjure Flame         Conj/Fire      ##......     19%         3    ###....
c - Magic Dart            Conj           ###.         2%          1    None
e - Mephitic Cloud        Conj/Pois/Air  #.......     26%         3    ###....

Your spell library contained the following spells:

 Spells                   Type           Power        Failure   Level  Hunger
 Call Imp                 Summ           #.......     16%         2    ##.....
 Slow                     Hex            #.......     22%         2    ##.....
 Blink                    Tloc           Unusable     N/A         2    N/A

Dungeon Overview and Level Annotations

Branches:
Dungeon (3/15)

Altars:


Innate Abilities, Weirdness & Mutations

You cannot be hasted, slowed, berserked, paralysed or teleported.
You can dig through walls and to a lower floor.
Your four strong arms can wield two-handed weapons with a shield.
You have a pair of large antennae on your head. (SInv)


Message History

The orc hits you with a cursed -1 flail!
Casting: Magic Dart (safe; 2% risk of failure)
Confirm with . or Enter, or press ? or * to list all spells.
You don't have enough magic to cast that spell.
You hit the orc but do no damage.
The orc is severely wounded.
The orc hits you with a cursed -1 flail.
Casting: Magic Dart (safe; 2% risk of failure)
Confirm with . or Enter, or press ? or * to list all spells.
You don't have enough magic to cast that spell.
Casting: Magic Dart (safe; 2% risk of failure)
Confirm with . or Enter, or press ? or * to list all spells.
You don't have enough magic to cast that spell.
You closely miss the orc.
The orc is severely wounded.
The orc hits you with a cursed -1 flail!
You barely miss the orc.
The orc is severely wounded.
The orc hits you with a cursed -1 flail!
You die...

...#.#
##.#........##.#
...#.#
#.###########.#
.....# #.# #.##
.##### #+# #..#
.# ... ##.# .#
.... ####.#
.##### .....
##.##.# .....#
......####...#.##
.<.#.+
......o@........#
.....#
......####......#
.##.## .....
##.#...# ## .#
.... ####.## #
... #.# #+ #.#
#.# #.#


You could see an orc.

Vanquished Creatures
  A bullfrog skeleton (D:3)
  An iguana (D:2)
  An adder (D:3)
  2 worms
  3 dart slugs (D:1)
  A leopard gecko (D:1)
  6 bats
  A giant cockroach (D:2)
  4 goblins (D:1)
  7 hobgoblins
  2 quokkas
  4 frilled lizards
  A giant cockroach zombie (D:1)
  A jackal zombie (D:1)
  8 kobolds
  A rat (D:1)
44 creatures vanquished.

Notes
Turn   | Place    | Note
-------+----------+-------------------------------------------
     0 | D:1      | DildoBatman the Formicid Wizard began the quest for the
                  | Orb.
     0 | D:1      | Reached XP level 1. HP: 13/13 MP: 4/4
    21 | D:1      | Reached skill level 1 in Conjurations
   296 | D:1      | Reached XP level 2. HP: 11/19 MP: 1/6
   388 | D:1      | Reached skill level 2 in Conjurations
   700 | D:1      | Reached XP level 3. HP: 24/24 MP: 2/7
   723 | D:1      | Learned a level 3 spell: Conjure Flame
   727 | D:1      | Learned a level 3 spell: Mephitic Cloud
  1339 | D:2      | Reached skill level 3 in Conjurations
  1555 | D:2      | Found a faded altar of an unknown god.
  1639 | D:2      | Reached XP level 4. HP: 14/30 MP: 2/8
  2311 | D:3      | Reached skill level 4 in Conjurations
  2311 | D:3      | Reached XP level 5. HP: 34/35 MP: 4/9
  2435 | D:3      | Slain by an orc

Levels and vault maps discovered:
D:1:      saegor_arrival_fortress, layout_basic
D:2:      layout_rooms, chequers_ecumenical_altar_grove
D:3:      layout_loops_corners, minmay_misc_feat_enclosed,
          minmay_misc_feat_plants

Skill      XL: |  1  2  3  4 |
---------------+-------------+-----
Conjurations   | 1 2 3 4 |  4.2
Dodging        | |  1.7
Stealth        | |  2.4
Spellcasting   | |  3.2
Summonings     | |  1.0
Translocations | |  0.8

Action                   |  1- 3 |  4- 6 || total
-------------------------+-------+-------++-------
Melee: Spear             |    41 |    19 ||    60
       Unarmed           |     2 |       ||     2
 Cast: Magic Dart        |    80 |    30 ||   110
       Conjure Flame     |     1 |     1 ||     2
       Mephitic Cloud    |     1 |     1 ||     2
 Stab: Sleeping          |     1 |       ||     1
  Eat: Chunk             |     2 |     3 ||     5
Armor: Robe              |    13 |       ||    13
Dodge: Dodged            |    38 |     9 ||    47
